 Dungeon Crawl Stone Soup version 0.24.0-29-g8ce449bc06 (webtiles) character file.

Game seed: 4053923062250234628, levelgen mode: deterministic

61 Curus the Cudgeler (level 3, -4/46 HPs)
             Began as a Minotaur Monk on Nov 15, 2019.
             Killed by nerve-wracking pain
             ... invoked by Grinder
              (9 damage)
             ... while paralysed by Grinder
             ... on level 3 of the Dungeon.
             The game lasted 00:07:45 (1323 turns).

Curus the Cudgeler (Minotaur Monk)                  Turns: 1323, Time: 00:07:46

Health: -4/46      AC:  2    Str: 19 (20) XL:     3   Next: 83%
Magic:  11/11      EV:  2    Int:  5 (7)  God:
Gold:   119        SH:  0    Dex: 12 (13) Spells: 2/2 levels left

rFire    . . .     SeeInvis .   d - +0 mace (crush)
rCold    . . .     Gourm    .   (no shield)
rNeg     . . .     Faith    .   f - +0 ring mail
rPois    .         Spirit   .   (helmet restricted)
rElec    .         Reflect  .   (no cloak)
rCorr    .         Harm     .   (no gloves)
MR       .....                  (no boots)
Stlth    ..........             (no amulet)
HPRegen  0.55/turn              e - -3 ring of protection (curse)
MPRegen  0.12/turn              g - ring of magical power (curse)

@: paralysed, berserking
A: retaliatory headbutt, horns 2, blink, regeneration 1
a: Blink


You were on level 3 of the Dungeon.
You were not hungry.

You visited 1 branch of the dungeon, and saw 3 of its levels.

You collected 119 gold pieces.

Inventory:

Hand Weapons
 a - a +0 mace
 d - a +0 mace of crushing (weapon)
Armour
 b - a +0 robe
 f - a +0 ring mail (worn)
Jewellery
 e - a cursed -3 ring of protection (left hand)
 g - a cursed ring of magical power (right hand)
 h - an uncursed ring of positive energy
 i - an uncursed ring of protection from fire {unknown}
Scrolls
 m - a scroll of magic mapping
Potions
 k - a potion of degeneration
 l - a potion of heal wounds
Comestibles
 c - a ration


   Skills:
 - Level 3.6 Fighting
 + Level 5.8 Maces & Flails
 - Level 3.2 Dodging
 - Level 1.5 Stealth


You had 2 spell levels left.
You didn't know any spells.
Your spell library was empty.

Dungeon Overview and Level Annotations

Branches:
Dungeon (3/15)

Altars:
Nemelex Xobeh

Annotations:
D:3 Grinder


Innate Abilities, Weirdness & Mutations

You reflexively headbutt those who attack you in melee.
You have a pair of horns on your head.
You can translocate small distances at will.
Your natural rate of healing is unusually fast.


Message History

You closely miss Grinder. Your headbutt misses Grinder.
Grinder is heavily wounded.
The hobgoblin closely misses you. Grinder hits you!
You writhe in agony.
You hit Grinder.
Grinder is severely wounded.
The hobgoblin hits you with a +0 club. Grinder gestures at you.
Pain shoots through your body!
* * * LOW HITPOINT WARNING * * *
Unknown command.
A red film seems to cover your vision as you go berserk!
You feel yourself moving faster!
You feel mighty! The hobgoblin closely misses you. Grinder gestures at you.
You suddenly lose the ability to move!
The hobgoblin hits you with a +0 club.
* * * LOW HITPOINT WARNING * * *
Grinder gestures at you. Pain shoots through your body!
You die...

#.#######.. ....
#........). ...
#..........
..###........## #.
..##.......... #.##
#.##........# ...
#.##........##
####.####..#..@g......
..............5.#.##.
#............#......
##............#......
#...........### .....
#.........#.# .....
#.........#.# ....
#...).....#.# ....
####.##.###>#


You could see Grinder and a hobgoblin.

Vanquished Creatures
  2 adders (D:2)
  2 dart slugs
  A leopard gecko (D:2)
  A ball python (D:1)
  A giant cockroach (D:2)
  7 goblins
  8 hobgoblins
  A quokka (D:2)
  3 bats
  3 frilled lizards
  3 kobolds
  3 rats
35 creatures vanquished.

Notes
Turn   | Place    | Note
-------+----------+-------------------------------------------
     0 | D:1      | Curus the Minotaur Monk began the quest for the Orb.
     0 | D:1      | Reached XP level 1. HP: 19/19 MP: 0/0
   315 | D:1      | Reached skill level 4 in Maces & Flails
   462 | D:1      | Reached XP level 2. HP: 26/26 MP: 1/1
   636 | D:2      | Gained mutation: Your natural rate of healing is unusually
                  | fast. [potion of mutation]
   636 | D:2      | Gained mutation: You can translocate small distances at
                  | will. [potion of mutation]
   739 | D:2      | Reached skill level 5 in Maces & Flails
   818 | D:2      | Found a sparkling altar of Nemelex Xobeh.
   846 | D:2      | Reached XP level 3. HP: 31/31 MP: 2/2
  1309 | D:3      | Noticed Grinder
  1322 | D:3      | Paralysed by Grinder for 4 turns
  1323 | D:3      | Killed from afar by Grinder

Levels and vault maps discovered:
D:1:      dpeg_arrival_boxorama, layout_basic
D:2:      layout_loops_ring, nemelex_xobeh_ov_fountains_minmay,
          hangedman_abyss_or_decor_lesser_grid
D:3:      layout_basic, uniq_grinder

Skill      XL: |  1  2 |
---------------+-------+-----
Maces & Flails | 4 5 |  5.8
Fighting       | |  3.6
Dodging        | |  3.2
Stealth        | |  1.5

Action                   || total
-------------------------++-------
Melee: Mace              ||    75
       Headbutt          ||     5
  Use: Potion            ||     9
       Scroll            ||     4
 Stab: Sleeping          ||     1
  Eat: Chunk             ||     1
Armor: Robe              ||     1
       Ring mail         ||     7
Dodge: Dodged            ||    41
